[Event "Titled Tuesday Blitz December 27 Late 2022"]
[White "Sos Andreu, Eric"]
[Black "Finkelstein, Alan"]
[WhiteFideId "22247017"]
[BlackFideId "30950961"]
[WhiteElo "2352"]
[BlackElo "2152"]
[Result "1-0"]
[Round "05"]
[TimeControl "180+2"]
[Date "2022.12.27"]
[WhiteClock "0:00:34"]
[BlackClock "0:00:17"]

1. d4 d5 2. c4 c6 3. Nf3 Nf6 4. e3 e6 5. Nbd2 Nbd7 6. Bd3 Bd6 7. O-O O-O 8. e4 e5 9. exd5 cxd5 10. cxd5 exd4 11. Nxd4 Ne5 12. Be2 Nxd5 13. Ne4 Be7 14. Nf3 Nc6 15. Ng3 Be6 16. Re1 Qb6 17. a3 Rad8 18. Qc2 Rc8 19. Qb1 Bc5 20. Ne4 Bf5 21. Rf1 Rfe8 22. Nf6+ Nxf6 23. Qxf5 Rxe2 24. Qxc8+ Nd8 25. Be3 Bxe3 26. fxe3 Ng4 27. Rad1 1-0


[Site "https://www.chess.com"]

[Event "Titled Tuesday Blitz December 27 Late 2022"]
[White "Sreyas Payyappat"]
[Black "Liu, Kelsey"]
[WhiteFideId "46674969"]
[BlackFideId "30944481"]
[WhiteElo "2076"]
[BlackElo "2065"]
[Result "1/2-1/2"]
[Round "05"]
[TimeControl "180+2"]
[Date "2022.12.27"]
[WhiteClock "0:00:19"]
[BlackClock "0:00:09"]

1. e4 c5 2. Nf3 e6 3. d4 cxd4 4. Nxd4 Nc6 5. Nb5 d6 6. c4 a6 7. N5a3 Nf6 8. Nc3 Be7 9. Be2 O-O 10. O-O Qc7 11. Nc2 b6 12. b3 Bb7 13. Bb2 Rfd8 14. g3 Na7 15. Bf3 b5 16. cxb5 Nxb5 17. Nxb5 axb5 18. Nd4 Nxe4 19. Nxb5 Qb6 20. a4 Ng5 21. Bxb7 Qxb7 22. f3 e5 23. h4 Ne6 24. Rc1 Qb6+ 25. Kg2 Qe3 26. Rc3 Qh6 27. Bc1 Qh5 28. Rd3 Nc5 29. Rd5 Qg6 30. Kh3 Qe6+ 31. g4 h6 32. Be3 Qf6 33. Bf2 Rac8 34. Bg3 Ne6 35. Nxd6 Nf4+ 36. Bxf4 Qxh4+ 37. Kg2 exf4 38. Nf5 Rxd5 39. Nxe7+ Qxe7 40. Qxd5 Rc2+ 41. Rf2 Rxf2+ 42. Kxf2 Qe3+ 43. Kg2 Qe2+ 44. Kg1 Qe1+ 45. Kh2 Qf2+ 46. Kh1 Qf1+ 47. Kh2 Qf2+ 48. Kh1 Qf1+ 49. Kh2 Qf2+ 1/2-1/2


[Site "https://www.chess.com"]

[Event "Titled Tuesday Blitz December 27 Late 2022"]
[White "Stankovic, Ivan G"]
[Black "Msellek, Ilyass"]
[WhiteFideId "902837"]
[BlackFideId "675938"]
[WhiteElo "2302"]
[BlackElo "2420"]
[Result "0-1"]
[Round "05"]
[TimeControl "180+2"]
[Date "2022.12.27"]
[WhiteClock "0:00:12"]
[BlackClock "0:00:02"]

1. e4 c6 2. d4 d5 3. e5 c5 4. dxc5 e6 5. Be3 Ne7 6. c3 Nf5 7. Bd4 Nd7 8. Bb5 a6 9. Ba4 Qg5 10. g3 Be7 11. f4 Qh6 12. Nf3 Nxg3 13. hxg3 Qxh1+ 14. Kf2 Qxd1 15. Bxd1 Bxc5 16. Nbd2 b5 17. Nb3 Bxd4+ 18. Nfxd4 Bb7 19. Na5 Nc5 20. b4 Ne4+ 21. Kg2 Bc8 22. Rc1 f6 23. Bf3 f5 24. g4 g6 25. g5 Bd7 26. Bxe4 fxe4 27. Nb7 h6 28. Rh1 Ke7 29. gxh6 Rh7 30. Nc5 Rah8 31. Nxa6 Ra8 32. Nc7 Rxa2+ 33. Kg3 Rd2 34. Ncxb5 Rd3+ 35. Kg4 e3 36. Kg5 Be8 37. Re1 Rd2 38. Rxe3 Rg2+ 39. Kh4 Rxh6# 0-1


[Site "https://www.chess.com"]

[Event "Titled Tuesday Blitz December 27 Late 2022"]
[White "Subelj, Jan"]
[Black "Ballester Llagaria, Luis Eduardo"]
[WhiteFideId "14618583"]
[BlackFideId "2297620"]
[WhiteElo "2513"]
[BlackElo "2298"]
[Result "1/2-1/2"]
[Round "05"]
[TimeControl "180+2"]
[Date "2022.12.27"]
[WhiteClock "0:00:05"]
[BlackClock "0:00:05"]

1. g3 d5 2. Bg2 Nf6 3. c4 dxc4 4. Na3 c6 5. Nxc4 Be6 6. Qc2 Bd5 7. Nf3 Na6 8. d3 g6 9. b3 Bg7 10. Bb2 O-O 11. O-O c5 12. Rac1 Rc8 13. a3 b6 14. Rfd1 Qc7 15. e4 Bc6 16. Qe2 Qb7 17. Nce5 Be8 18. d4 cxd4 19. Nxd4 Rxc1 20. Rxc1 Nd7 21. Nec6 Ne5 22. Nxe5 Bxe5 23. f4 Bxd4+ 24. Bxd4 Nc5 25. Bxc5 bxc5 26. Qe3 Bd7 27. Rxc5 Be6 28. b4 Rd8 29. f5 Ba2 30. e5 Qa6 31. b5 Qa5 32. f6 Rd1+ 33. Bf1 Qd8 34. Qh6 exf6 35. exf6 Qd4+ 36. Kg2 Rd2+ 37. Kh1 Bd5+ 38. Rxd5 Qxd5+ 39. Kg1 Qd4+ 40. Kh1 Qe4+ 41. Kg1 Qd4+ 42. Kh1 Qe4+ 43. Kg1 Qd4+ 1/2-1/2


[Site "https://www.chess.com"]

[Event "Titled Tuesday Blitz December 27 Late 2022"]
[White "Talibov, Shiroghlan"]
[Black "Movahed, Sina"]
[WhiteFideId "13429078"]
[BlackFideId "42520835"]
[WhiteElo "2359"]
[BlackElo "2340"]
[Result "1-0"]
[Round "05"]
[TimeControl "180+2"]
[Date "2022.12.27"]
[WhiteClock "0:00:56"]
[BlackClock "0:00:27"]

1. e4 c5 2. Nf3 d6 3. d4 cxd4 4. Nxd4 Nf6 5. Nc3 g6 6. Be3 Bg7 7. f3 a6 8. Qd2 h5 9. Be2 b5 10. a4 bxa4 11. Rxa4 O-O 12. O-O Bb7 13. Rfa1 h4 14. Bh6 h3 15. Bxg7 Kxg7 16. g3 Nbd7 17. Qg5 e6 18. Rb4 Qc7 19. Qa5 Qc8 20. Rc4 Qb8 21. Qc7 Ne5 22. Nxe6+ Kg8 23. Nxf8 Qa7+ 24. Kf1 Nxc4 25. Bxc4 d5 26. Nxg6 fxg6 27. Nxd5 Nxd5 28. Qxb7 Qe3 29. Qxd5+ Kg7 30. Qd3 Qc5 31. Qc3+ Kh6 32. Be2 Qb6 33. Qd2+ g5 34. Rd1 1-0


[Site "https://www.chess.com"]

[Event "Titled Tuesday Blitz December 27 Late 2022"]
[White "Tanenbaum, Zachary"]
[Black "Andreev, Eduard"]
[WhiteFideId "2060850"]
[BlackFideId "14103400"]
[WhiteElo "2261"]
[BlackElo "2413"]
[Result "1-0"]
[Round "05"]
[TimeControl "180+2"]
[Date "2022.12.27"]
[WhiteClock "0:01:30"]
[BlackClock "0:00:08"]

1. e4 c6 2. d4 d5 3. exd5 cxd5 4. Bd3 Nc6 5. c3 Qc7 6. h3 Nf6 7. Nf3 g6 8. Qc2 Bg7 9. O-O O-O 10. Re1 a6 11. a4 Be6 12. Bg5 Rfc8 13. Qd2 Na5 14. Qd1 Nc4 15. Qe2 Qb6 16. Na3 Nxa3 17. Rxa3 Re8 18. Qd2 Bf5 19. Bxf5 gxf5 20. a5 Qc6 21. Ne5 Qd6 22. Qf4 e6 23. Re3 Ne4 24. Bh6 Qf8 25. Bxg7 Qxg7 26. c4 dxc4 27. Rxe4 fxe4 28. Rg3 f5 29. Rxg7+ Kxg7 30. Qg5+ Kh8 31. Nf7# 1-0


[Site "https://www.chess.com"]

[Event "Titled Tuesday Blitz December 27 Late 2022"]
[White "Tomaszewski, Kacper"]
[Black "Smith, Garrett L"]
[WhiteFideId "1127373"]
[BlackFideId "2024829"]
[WhiteElo "2313"]
[BlackElo "2047"]
[Result "1-0"]
[Round "05"]
[TimeControl "180+2"]
[Date "2022.12.27"]
[WhiteClock "0:01:10"]
[BlackClock "0:00:17"]

1. Nf3 c5 2. e4 Nc6 3. b4 cxb4 4. d4 g6 5. a3 bxa3 6. Nxa3 Bg7 7. c3 d6 8. Bb5 Bd7 9. O-O a6 10. Bc4 Nf6 11. e5 dxe5 12. dxe5 Ng4 13. Bxf7+ Kxf7 14. Ng5+ Ke8 15. e6 Bxe6 16. Nxe6 Qxd1 17. Rxd1 Be5 18. f4 Bb8 19. Nc4 Ba7+ 20. Kf1 Nxh2+ 21. Ke2 Kf7 22. Ng5+ Kg7 23. Rb1 b5 24. Ne5 Nxe5 25. fxe5 Ng4 26. Rd7 Rhe8 27. Bf4 h6 28. Ne6+ Kf7 29. Nc7 Rad8 30. e6+ Kf6 31. Nxe8+ 1-0


[Site "https://www.chess.com"]

[Event "Titled Tuesday Blitz December 27 Late 2022"]
[White "Torres Boch, Jose Francisco"]
[Black "Osinenko, Anton"]
[WhiteFideId "2278383"]
[BlackFideId "4158970"]
[WhiteElo "2180"]
[BlackElo "2203"]
[Result "0-1"]
[Round "05"]
[TimeControl "180+2"]
[Date "2022.12.27"]
[WhiteClock "0:00:53"]
[BlackClock "0:01:13"]

1. e4 c5 2. Nf3 d6 3. d4 cxd4 4. Nxd4 Nf6 5. Nc3 a6 6. Bg5 Nbd7 7. Qe2 b5 8. f4 h6 9. Bh4 g5 10. e5 gxh4 11. exf6 Nxf6 12. O-O-O Bb7 13. Nf5 e6 14. Nxh4 Qb6 15. f5 e5 16. Nf3 O-O-O 17. h3 h5 18. a3 Kb8 19. Kb1 Rc8 20. Na2 Ka8 21. g3 Rg8 22. g4 hxg4 23. hxg4 Rxg4 24. Rh7 Nxh7 25. Nxe5 Re4 0-1


[Site "https://www.chess.com"]

[Event "Titled Tuesday Blitz December 27 Late 2022"]
[White "Vaibhav Jayant Raut"]
[Black "Kamsky, Gata"]
[WhiteFideId "5089034"]
[BlackFideId "2000024"]
[WhiteElo "2237"]
[BlackElo "2665"]
[Result "0-1"]
[Round "05"]
[TimeControl "180+2"]
[Date "2022.12.27"]
[WhiteClock "0:00:01"]
[BlackClock "0:00:08"]

1. Nf3 Nf6 2. g3 g6 3. Bg2 Bg7 4. O-O O-O 5. d3 d5 6. Nbd2 c6 7. e4 a5 8. a4 Na6 9. Re1 Bg4 10. h3 Bxf3 11. Bxf3 e6 12. Bg2 Nd7 13. c3 Ndc5 14. d4 Nd3 15. Rf1 Bh6 16. exd5 cxd5 17. Nb3 Nxc1 18. Nxc1 Bxc1 19. Qxc1 Nc7 20. Rd1 Rc8 21. Bf1 Ne8 22. Ra3 Nd6 23. Rb3 b6 24. Bd3 Kg7 25. Qf4 Rc6 26. h4 h6 27. Kg2 Qf6 28. Qxf6+ Kxf6 29. Re1 Rb8 30. Kf3 Rcc8 31. Bb5 Ne4 32. Re2 Nd6 33. Bd3 Re8 34. Bb5 Re7 35. Bd3 Kg7 36. Kg2 g5 37. hxg5 hxg5 38. Re1 f6 39. Bb5 g4 40. Bd3 f5 41. Rh1 Ree8 42. Re1 Kf6 43. Rh1 Kg6 44. Rh2 Nf7 45. Rh1 Ng5 46. Bb5 Rh8 47. Rxh8 Rxh8 48. Be2 Rb8 49. Rb5 Ne4 50. Bd3 Nd6 51. Rb3 Kg5 52. Ra3 Kf6 53. Ra1 Rh8 54. Rh1 Rxh1 55. Kxh1 Ne4 56. Kg2 Nd2 57. Be2 e5 58. dxe5+ Kxe5 59. Bd3 f4 60. gxf4+ Kxf4 61. Bb5 Nf3 62. Bc6 Ne1+ 63. Kf1 Nd3 64. Bxd5 Nxb2 65. Bc6 Nd1 66. c4 Nc3 67. Bb5 g3 68. fxg3+ Kxg3 69. Bc6 Kf4 70. Ke1 Ke3 71. Kf1 Kd4 72. Ke1 Kxc4 73. Kd2 Kb4 74. Kc2 Nxa4 75. Kb1 Nc3+ 76. Kb2 b5 77. Be8 a4 78. Ka1 Kc4 79. Bf7+ Kd3 80. Be8 b4 81. Bf7 a3 82. Bb3 Ne4 83. Bf7 Kc3 84. Bg6 Nc5 85. Bf7 b3 86. Bg6 Kb4 87. Bf7 Na4 88. Bg8 b2+ 89. Kb1 Nc3+ 90. Kc2 b1=Q+ 0-1


[Site "https://www.chess.com"]

[Event "Titled Tuesday Blitz December 27 Late 2022"]
[White "Vakhlamov, Igor L."]
[Black "Matinian, Nikita"]
[WhiteFideId "24126748"]
[BlackFideId "24129100"]
[WhiteElo "2413"]
[BlackElo "2407"]
[Result "1/2-1/2"]
[Round "05"]
[TimeControl "180+2"]
[Date "2022.12.27"]
[WhiteClock "0:01:09"]
[BlackClock "0:00:33"]

1. e4 c5 2. Nf3 d6 3. Nc3 Nf6 4. d4 cxd4 5. Qxd4 Bd7 6. Bc4 Nc6 7. Qd3 g6 8. Nd5 Bg7 9. O-O Ng4 10. Bb3 O-O 11. c3 a5 12. a4 h6 13. Qe2 e6 14. Ne3 Nf6 15. Nc4 d5 16. exd5 Nxd5 17. Nce5 Nxe5 18. Nxe5 Qc7 19. Nxd7 Qxd7 20. Rd1 Qc6 21. Bxd5 exd5 22. Be3 Rfe8 23. Qb5 Re5 24. h3 h5 25. Rd2 Qxb5 26. axb5 d4 27. Bxd4 Rxb5 28. Bxg7 Kxg7 29. b4 Rc8 30. Rxa5 Rxa5 31. bxa5 Rxc3 32. Rb2 Ra3 33. Rxb7 Rxa5 34. g3 Ra2 35. h4 1/2-1/2


[Site "https://www.chess.com"]

[Event "Titled Tuesday Blitz December 27 Late 2022"]
[White "Vlassov, Nikolai"]
[Black "Gerbelli Neto, Eduardo"]
[WhiteFideId "4103360"]
[BlackFideId "2103281"]
[WhiteElo "2283"]
[BlackElo "2114"]
[Result "0-1"]
[Round "05"]
[TimeControl "180+2"]
[Date "2022.12.27"]
[WhiteClock "0:00:11"]
[BlackClock "0:00:34"]

1. e4 e5 2. Bc4 Nf6 3. d3 Nc6 4. Nf3 Bc5 5. Bg5 h6 6. Bh4 d6 7. Nc3 Be6 8. Nd2 Na5 9. Bb5+ c6 10. Ba4 b5 11. Bb3 Nxb3 12. Nxb3 Bb6 13. a4 b4 14. Ne2 a5 15. Nd2 d5 16. Bg3 Nd7 17. f4 f6 18. f5 Bf7 19. Bf2 Bxf2+ 20. Kxf2 Qb6+ 21. Kf1 Nc5 22. Ng3 Rd8 23. Qe2 b3 24. cxb3 Nxb3 25. Nxb3 Qxb3 26. Kf2 Rb8 27. Rhc1 Qb6+ 28. Qe3 Qxb2+ 29. Kg1 d4 30. Qf2 Qxf2+ 31. Kxf2 Kd7 32. Rc5 Rb2+ 33. Kf3 Ra8 34. Rac1 Ra6 35. R1c2 Rxc2 36. Rxc2 Kd6 37. Rb2 Kc7 38. Nf1 Rb6 39. Rxb6 Kxb6 40. Nd2 Kc5 41. g4 Kb4 42. h4 Kxa4 43. g5 hxg5 44. hxg5 Kb4 45. g6 Bb3 46. Nf1 a4 47. Ke2 Kc3 48. Ng3 a3 49. Nh5 a2 50. Nxg7 a1=Q 51. Ne8 Qb2+ 52. Kf3 Kxd3 53. Nxf6 Qe2+ 54. Kg3 Bd1 55. g7 Qf3+ 56. Kh2 Qf2+ 57. Kh3 Qe3+ 58. Kh4 Qh6+ 0-1


[Site "https://www.chess.com"]

[Event "Titled Tuesday Blitz December 27 Late 2022"]
[White "Vovk, Orest"]
[Black "Krasteva, Beloslava"]
[WhiteFideId "14113490"]
[BlackFideId "2922029"]
[WhiteElo "2315"]
[BlackElo "2220"]
[Result "1-0"]
[Round "05"]
[TimeControl "180+2"]
[Date "2022.12.27"]
[WhiteClock "0:01:48"]
[BlackClock "0:00:02"]

1. g4 d5 2. Bg2 c6 3. h3 e5 4. d4 e4 5. c4 h5 6. Nc3 hxg4 7. cxd5 cxd5 8. Qb3 gxh3 9. Bxh3 Nf6 10. Bd7+ Qxd7 11. Rxh8 Nc6 12. Qa3 Ne7 13. Bg5 Ng6 14. Rxf8+ Nxf8 15. Bxf6 gxf6 16. Qb3 Qc6 17. Qxd5 Be6 18. Qxc6+ bxc6 19. Nxe4 Ke7 20. Nf3 Nd7 21. e3 Rb8 22. b3 a5 23. Ke2 a4 24. Nfd2 Nb6 25. Nc5 axb3 26. axb3 Nd5 27. Ra7+ Kf8 28. Nde4 Nb4 29. Nxe6+ fxe6 30. Nxf6 Nd5 31. Nd7+ Ke8 32. Nxb8 1-0


[Site "https://www.chess.com"]

[Event "Titled Tuesday Blitz December 27 Late 2022"]
[White "Wang, Alexander J"]
[Black "Moreno Perez, Tobias Sebastian"]
[WhiteFideId "30955270"]
[BlackFideId "186716"]
[WhiteElo "1815"]
[BlackElo "2256"]
[Result "1-0"]
[Round "05"]
[TimeControl "180+2"]
[Date "2022.12.27"]
[WhiteClock "0:01:02"]
[BlackClock "0:00:02"]

1. e4 Nc6 2. d4 d6 3. Nf3 Nf6 4. Nc3 g6 5. Bc4 Bg7 6. h3 O-O 7. Be3 e6 8. Bb3 Na5 9. Qd2 Nxb3 10. axb3 e5 11. dxe5 dxe5 12. Qxd8 Rxd8 13. Bg5 c6 14. O-O Re8 15. Rfd1 Nd7 16. Be3 a6 17. Na4 b5 18. Nc5 Nxc5 19. Bxc5 Bf8 20. Bxf8 Kxf8 21. Rd6 Bb7 22. Rd7 Rab8 23. Ng5 Re7 24. Nxh7+ Ke8 25. Nf6+ Kf8 26. Rad1 Bc8 27. Rd8+ Kg7 28. Ne8+ Kh6 29. Nd6 Rc7 30. Ne8 Re7 31. R1d6 c5 32. Nf6 Ra8 33. Rh8+ Kg7 34. Rh7+ Kf8 35. Rd8+ 1-0


[Site "https://www.chess.com"]

[Event "Titled Tuesday Blitz December 27 Late 2022"]
[White "Weisz, Bryan"]
[Black "Rangel, Daniel"]
[WhiteFideId "30934133"]
[BlackFideId "2124475"]
[WhiteElo "1973"]
[BlackElo "2207"]
[Result "1-0"]
[Round "05"]
[TimeControl "180+2"]
[Date "2022.12.27"]
[WhiteClock "0:00:24"]
[BlackClock "0:00:01"]

1. e4 c5 2. Nc3 d6 3. d4 cxd4 4. Qxd4 Bd7 5. Bd2 Nc6 6. Qe3 Nf6 7. f4 e6 8. h3 Be7 9. g4 O-O 10. Bg2 e5 11. f5 Nd4 12. O-O-O b5 13. Nce2 Qb6 14. Nxd4 exd4 15. Qd3 Bc6 16. Ne2 d5 17. e5 Ne4 18. Rhf1 Nxd2 19. Qxd2 Bc5 20. f6 Rfe8 21. Nxd4 Rxe5 22. Nxc6 Be3 23. Nxe5 Bxd2+ 24. Rxd2 Re8 25. Nd3 gxf6 26. Nf4 d4 27. Nd5 Qa5 28. Nxf6+ Kf8 29. Nxe8 Qxa2 30. Rxd4 Kxe8 31. Re1+ Kf8 32. Bd5 Qa1+ 33. Kd2 Qa5+ 34. c3 Qb6 35. Rf1 f6 36. Rdf4 Qc5 37. Rxf6+ Kg7 38. Rf7+ Kg6 39. Be4+ Kh6 40. Rxh7+ Kg5 41. Rh5# 1-0


[Site "https://www.chess.com"]

[Event "Titled Tuesday Blitz December 27 Late 2022"]
[White "Wieczorek, Oskar"]
[Black "Janaszak, Dawid"]
[WhiteFideId "1133950"]
[BlackFideId "1119206"]
[WhiteElo "2512"]
[BlackElo "2316"]
[Result "0-1"]
[Round "05"]
[TimeControl "180+2"]
[Date "2022.12.27"]
[WhiteClock "0:01:26"]
[BlackClock "0:01:00"]

1. e4 c5 2. Nf3 e6 3. d4 cxd4 4. Nxd4 a6 5. Nc3 Qc7 6. g3 Nc6 7. Bg2 Nf6 8. O-O Be7 9. Re1 d6 10. Nxc6 bxc6 11. e5 dxe5 12. Rxe5 Nd5 13. Nxd5 cxd5 14. Bf4 Qb6 15. Bxd5 exd5 16. Qxd5 O-O 17. Rxe7 Be6 18. Qb7 Qc5 19. Qc7 Qb4 20. Re1 Qxe1+ 0-1


[Site "https://www.chess.com"]

[Event "Titled Tuesday Blitz December 27 Late 2022"]
[White "Wu, Brandon"]
[Black "Averjanov, Alexey"]
[WhiteFideId "30909228"]
[BlackFideId "14109867"]
[WhiteElo "2123"]
[BlackElo "2399"]
[Result "1-0"]
[Round "05"]
[TimeControl "180+2"]
[Date "2022.12.27"]
[WhiteClock "0:00:58"]
[BlackClock "0:01:17"]

1. Nf3 c5 2. g3 Nc6 3. Bg2 g6 4. d4 cxd4 5. Nxd4 Bg7 6. Nb3 Nf6 7. O-O h5 8. h4 d6 9. Nc3 Bd7 10. e4 Qc8 11. Nd5 Bh3 12. Bg5 Bxg2 13. Kxg2 Nxd5 14. exd5 Ne5 15. Re1 O-O 16. Bxe7 Re8 17. Bxd6 Nc4 18. Rxe8+ Qxe8 19. Bf4 Qe4+ 20. Qf3 Qxc2 21. Rc1 Qxb2 22. Rxc4 Qxa2 23. d6 Qa6 24. Rc7 Rf8 25. d7 Bf6 26. Rc8 Qb6 27. Bc7 Qc6 28. Qxc6 bxc6 29. Rxf8+ Kxf8 30. d8=Q+ Bxd8 31. Bxd8 Ke8 32. Ba5 1-0


[Site "https://www.chess.com"]

[Event "Titled Tuesday Blitz December 27 Late 2022"]
[White "Yuan, Qingyu"]
[Black "Melkumyan, Hrant"]
[WhiteFideId "8609772"]
[BlackFideId "13302485"]
[WhiteElo "2373"]
[BlackElo "2645"]
[Result "0-1"]
[Round "05"]
[TimeControl "180+2"]
[Date "2022.12.27"]
[WhiteClock "0:00:04"]
[BlackClock "0:00:09"]

1. e4 c5 2. Nf3 Nc6 3. Bb5 g6 4. Bxc6 dxc6 5. d3 Qc7 6. Nc3 e5 7. O-O Nf6 8. a3 Bg4 9. h3 Bxf3 10. Qxf3 Nd7 11. Qg3 Bg7 12. f4 exf4 13. Bxf4 Ne5 14. Bg5 O-O 15. Bf6 Rae8 16. Rf2 Re6 17. Bxg7 Kxg7 18. Raf1 Qd6 19. Ne2 Ree8 20. Kh1 f6 21. b3 Rf7 22. a4 b6 23. Nf4 Kh8 24. Ne2 Ref8 25. Ng1 Qe7 26. Nf3 Nxf3 27. Rxf3 Kg7 28. R1f2 b5 29. a5 c4 30. bxc4 bxc4 31. Rf5 Qa3 32. e5 Qa1+ 33. Rf1 Qc3 34. exf6+ Kg8 35. R5f2 cxd3 36. cxd3 Qxa5 37. Qd6 Qd5 38. Qxd5 cxd5 39. g4 a5 40. g5 a4 41. Rf4 Ra7 42. Ra1 a3 43. Ra2 Rb8 44. Rff2 Kf7 45. Rfe2 Rb3 46. Red2 Ke6 47. Kg2 Kf5 48. Rf2+ Ke6 49. Rfe2+ Kf7 50. Red2 h6 51. h4 hxg5 52. hxg5 Ke6 53. Kg3 Rb4 54. Re2+ Kf7 55. Rh2 Kg8 56. Rae2 Rb8 57. Ra2 Rb3 58. Rhd2 Ra4 59. Kf3 Kf7 60. Kg3 Rbb4 61. Re2 Rg4+ 62. Kh3 Rxg5 63. Re7+ Kxf6 64. Rae2 Rh5+ 65. Kg3 Rg5+ 66. Kh3 Rf5 67. R2e6+ Kg5 68. Rg7 Rh4+ 69. Kg3 Rg4+ 70. Kh3 Rf3+ 71. Kh2 Rf2+ 72. Kh3 Rf3+ 73. Kh2 Kh6 74. Ree7 Rxd3 75. Rh7+ Kg5 76. Re5+ Kf6 77. Rhe7 Re4 78. R7e6+ Kg7 79. Re7+ Kh6 80. Rxe4 dxe4 81. Rxe4 Rb3 82. Ra4 g5 83. Kg2 Kg6 84. Kf2 Kf5 85. Ke2 g4 86. Kf2 Kg5 87. Kg2 Kh4 88. Kh2 Rb2+ 89. Kg1 a2 90. Ra3 Rb1+ 0-1


[Site "https://www.chess.com"]

[Event "Titled Tuesday Blitz December 27 Late 2022"]
[White "Yurasova, Daria"]
[Black "Vifleemskaia, Svetlana"]
[WhiteFideId "34146919"]
[BlackFideId "4129490"]
[WhiteElo "2095"]
[BlackElo "1971"]
[Result "1-0"]
[Round "05"]
[TimeControl "180+2"]
[Date "2022.12.27"]
[WhiteClock "0:00:46"]
[BlackClock "0:00:01"]

1. d4 Nf6 2. c4 e6 3. Nc3 Bb4 4. Qc2 d5 5. Nf3 Ne4 6. Bd2 Nxd2 7. Qxd2 O-O 8. e3 b6 9. cxd5 exd5 10. Bd3 c5 11. dxc5 bxc5 12. a3 Ba5 13. O-O Bb7 14. Be2 Nd7 15. Rfd1 Nf6 16. Qc2 Bxc3 17. Qxc3 Ne4 18. Qc2 Qb6 19. Nd2 Rfe8 20. Nxe4 Rxe4 21. Bf3 Re5 22. Rac1 Rc8 23. b4 c4 24. Rd4 g6 25. h3 a5 26. Qc3 axb4 27. axb4 Bc6 28. Rcd1 Rb8 29. Bxd5 Bxd5 30. Rxd5 Rxd5 31. Rxd5 Rc8 32. b5 Qe6 33. Rd4 h5 34. h4 Kh7 35. g3 Rc7 36. Rf4 Rc8 37. Rf6 Qe7 38. b6 Qb7 39. Rd6 Rc6 40. Rd8 f6 41. Qd4 1-0


[Site "https://www.chess.com"]

[Event "Titled Tuesday Blitz December 27 Late 2022"]
[White "Zakarian, David"]
[Black "Kho, Darrell"]
[WhiteFideId "13301276"]
[BlackFideId "1019317"]
[WhiteElo "2306"]
[BlackElo "2075"]
[Result "1-0"]
[Round "05"]
[TimeControl "180+2"]
[Date "2022.12.27"]
[WhiteClock "0:00:40"]
[BlackClock "0:00:01"]

1. d4 f5 2. Bg5 g6 3. Nc3 d5 4. h4 Nf6 5. e3 Be6 6. Be2 Nc6 7. h5 Ne4 8. Nxe4 fxe4 9. hxg6 Bg7 10. Rxh7 Rxh7 11. gxh7 Qd6 12. Bg4 Bxg4 13. Qxg4 Qb4+ 14. Kf1 Qxb2 15. Rd1 Qxc2 16. Bh6 Bh8 17. Re1 Rd8 18. Nh3 Qd3+ 19. Kg1 e5 20. Qe6+ Ne7 21. dxe5 Qc3 22. Rf1 Qxe5 23. Qg8+ Kd7 24. Qg4+ Qf5 25. Qg3 Qg6 26. Qxg6 Nxg6 27. Nf4 Nxf4 28. Bxf4 c6 29. g4 Ke6 30. Kg2 Rd7 31. Rh1 Rg7 32. Rh6+ Kf7 33. Kh3 Rg6 34. Rh5 Kg7 35. Be5+ Kf8 36. Bxh8 1-0


[Site "https://www.chess.com"]

[Event "Titled Tuesday Blitz December 27 Late 2022"]
[White "Zakhartsov, Vladimir"]
[Black "Karacsonyi, Gellert"]
[WhiteFideId "4145097"]
[BlackFideId "764620"]
[WhiteElo "2552"]
[BlackElo "2385"]
[Result "1-0"]
[Round "05"]
[TimeControl "180+2"]
[Date "2022.12.27"]
[WhiteClock "0:00:12"]
[BlackClock "0:00:09"]

1. c4 c5 2. Nc3 Nc6 3. Nf3 g6 4. g3 Bg7 5. Bg2 d6 6. a3 e5 7. O-O Nge7 8. b4 Be6 9. Ng5 Bxc4 10. d3 Be6 11. Nxe6 fxe6 12. bxc5 dxc5 13. Ne4 b6 14. Bg5 O-O 15. Nxc5 bxc5 16. Bxc6 Rc8 17. Be4 Qd7 18. Bxe7 Qxe7 19. Qa4 Rf7 20. Rab1 Qd6 21. Qc4 Bh6 22. Kg2 Kg7 23. h4 Rcf8 24. Bf3 Bd2 25. Rb5 Rc7 26. Rd1 Bh6 27. Ra5 Rb8 28. h5 Rb6 29. hxg6 hxg6 30. Rh1 Qd4 31. Rh4 Qxc4 32. Rxc4 Rb3 33. Rca4 Bc1 34. Rxa7 Rxa7 35. Rxa7+ Kf6 36. a4 Ra3 37. a5 Bb2 38. a6 Ra2 39. Ra8 Bd4 40. g4 g5 41. Kg3 Ra1 42. e3 e4 43. Bxe4 Be5+ 44. Kf3 Kg7 45. Bb7 Ra3 46. Rc8 Ra5 47. Rc6 Kf7 48. Bc8 Bh2 49. Bxe6+ Kg7 50. Bc4 Ra1 51. Rxc5 Bg1 52. Rxg5+ Kf6 53. Rf5+ Kg6 54. Kg2 Kg7 55. Rh5 Kg6 56. Rh1 Kg5 57. Rxg1 Ra5 58. Rh1 Kxg4 59. f3+ Kg5 60. Kg3 Ra3 61. f4+ Kg6 62. Kf3 Ra5 63. Rg1+ Kf6 64. Rg5 Ra1 65. Rg8 Ra3 66. Rb8 Ra1 67. Rb2 Kf5 68. e4+ Kf6 69. Ra2 Rf1+ 70. Ke3 Re1+ 71. Kd4 Rh1 72. a7 1-0


[Site "https://www.chess.com"]

[Event "Titled Tuesday Blitz December 27 Late 2022"]
[White "marik_spb"]
[Black "Curtis, John"]
[BlackFideId "3200256"]
[WhiteElo "2448"]
[BlackElo "2292"]
[Result "0-1"]
[Round "05"]
[TimeControl "180+2"]
[Date "2022.12.27"]
[WhiteClock "0:00:16"]
[BlackClock "0:00:28"]

1. d4 Nf6 2. c4 e6 3. g3 d5 4. Bg2 Be7 5. Nf3 O-O 6. O-O Nbd7 7. Nbd2 c6 8. Qc2 a6 9. Rd1 b5 10. b3 Bb7 11. c5 a5 12. a3 a4 13. b4 Re8 14. Ne5 Nxe5 15. dxe5 Nd7 16. Bb2 f5 17. f3 Bg5 18. e4 f4 19. Nf1 Rf8 20. Qc3 Bh6 21. Bc1 Qc7 22. exd5 exd5 23. Re1 Rae8 24. e6 Nf6 25. Qe5 Qxe5 26. Rxe5 Re7 27. Bxf4 Bxf4 28. gxf4 g6 29. Rae1 Nh5 30. f5 Rxf5 31. Kf2 Rxe5 32. Rxe5 Ng7 33. Bh3 Bc8 34. Ne3 Bxe6 35. Bg2 Kf7 36. Nc2 Bf5 37. Rxe7+ Kxe7 38. Nd4 Bd7 39. Ke3 Nf5+ 40. Nxf5+ Bxf5 41. Kf4 Kf6 42. Bf1 g5+ 43. Ke3 Ke5 44. Be2 d4+ 45. Kf2 Be6 46. Bf1 Bf5 47. Be2 Kf4 48. Bf1 h5 49. Be2 h4 50. Bd1 Be6 51. Be2 Bd5 52. Bd1 d3 53. h3 Bb3 54. Ke1 Bxd1 55. Kxd1 Kxf3 56. Kd2 g4 57. Kxd3 gxh3 58. Kd4 h2 59. Ke5 h1=Q 60. Kd6 Kf4 61. Kc7 Qf3 62. Kb6 Ke5 63. Ka5 Kd5 64. Kb6 Qxa3 65. Ka5 Qxb4+ 66. Kxb4 h3 67. Ka5 h2 68. Kb6 h1=Q 69. Ka5 Qc1 70. Kb6 Qxc5+ 71. Ka6 a3 72. Ka5 a2 73. Ka6 a1=Q+ 74. Kb7 Qaa7+ 75. Kc8 Qf8# 0-1


[Site "https://www.chess.com"]

[Event "Titled Tuesday Blitz December 27 Late 2022"]
[White "Adla, Diego"]
[Black "Boros, Denes"]
[WhiteFideId "100072"]
[BlackFideId "722340"]
[WhiteElo "2383"]
[BlackElo "2406"]
[Result "1/2-1/2"]
[Round "06"]
[TimeControl "180+2"]
[Date "2022.12.27"]
[WhiteClock "0:00:12"]
[BlackClock "0:00:11"]

1. e4 g6 2. d4 d5 3. exd5 Qxd5 4. c4 Qd8 5. Nc3 Bg7 6. Be3 Nh6 7. Nf3 Nf5 8. Qd2 O-O 9. Be2 c5 10. d5 Nxe3 11. Qxe3 e6 12. O-O exd5 13. cxd5 Re8 14. Qd2 Bg4 15. h3 Bf5 16. Rad1 Na6 17. Bxa6 bxa6 18. d6 Be6 19. Rfe1 Rb8 20. b3 Qa5 21. Nd5 Qxd2 22. Rxd2 Bd7 23. Ne7+ Kf8 24. Ne5 Rbd8 25. f4 Be6 26. Kf2 Bf6 27. N7c6 Bxe5 28. fxe5 Rd7 29. Rc1 Rc8 30. Rxc5 Kg7 31. b4 f6 32. Ne7 Rf8 33. Ke3 fxe5 34. Rxe5 Bc4 35. Rc5 Be6 36. g4 Rf1 37. Rc7 Kf6 38. Nd5+ Ke5 39. Rxd7 Bxd7 40. Nc3 Rh1 41. Kd3 Rxh3+ 42. Kc2 h5 43. gxh5 gxh5 44. a4 Rg3 45. Rd5+ Ke6 46. Rxh5 Be8 47. Rh6+ Ke5 48. b5 a5 49. Rh2 Bg6+ 50. Kb2 Kxd6 51. Rd2+ Kc5 52. Nd5 Kc4 53. b6 axb6 54. Nxb6+ Kc5 55. Nd7+ Kc4 56. Nb6+ Kc5 57. Nd7+ Kc4 58. Nb6+ 1/2-1/2


[Site "https://www.chess.com"]